AoeStats
← flynorc

Nomad

507368014Analyzed
4v4 RM · 14d ago on Sep 17, 2026· 53m 38s· 8 players
Game mode
Random Map
Map size
231×231
Population
200
Speed
Normal
Resources
Standard
Victory
Conquest
Starting age
Dark Age
Ending age
Imperial Age
RankedLock teamsTeams togetherTeam positionsShared explorationLock speedFull tech treeHidden civsTurbo modeCheats
Victory
Defeat
🇳🇱 Koreans · Netherlands
1547
+14
🇦🇺 Chinese · Australia
1480
+17
🇨🇱 Byzantines · Chile
1461
+18
🇦🇹 Italians · Austria
1454
+18
🇲🇽 Persians · Mexico
1582
-20
🇺🇸 Teutons · United States
1496
-17
🇹🇷 Aztecs · Türkiye
1470
-15
🇵🇪 Dravidians · Peru
1460
-15
VX | Obligame Perro!
4:45 Loom
14:18 Feudal Age
18:29 Double-Bit Axe
31:11 Castle Age
30:04 Fletching
32:20 Wheelbarrow
32:38 Bodkin Arrow
35:00 Bow Saw
35:40 Medium Warships
36:41 Town Watch
37:21 Forging
51:01 Imperial Age
hoffypianoman
5:16 Loom
12:57 Feudal Age
16:56 Castle Age
20:57 Fletching
22:16 Double-Bit Axe
26:05 Horse Collar
35:50 Bow Saw
36:40 Wheelbarrow
36:27 Scale Barding Armor
38:43 Bloodlines
39:27 Bodkin Arrow
43:55 Imperial Age
43:52 Chain Barding Armor
44:04 Cavalier
Tameryig1t
4:44 Loom
14:33 Feudal Age
20:10 Castle Age
18:10 Double-Bit Axe
19:08 Forging
18:53 Gold Mining
18:55 Stone Mining
20:14 Wheelbarrow
19:34 Gold Mining
21:30 Bow Saw
21:48 Medium Warships
22:13 Medium Warships
28:13 Hand Cart
27:40 Horse Collar
31:02 Heavy Plow
33:49 Imperial Age
32:25 Iron Casting
31:50 Scale Mail Armor
33:27 Gold Shaft Mining
33:27 Stone Shaft Mining
32:41 Arson
32:57 Squires
32:42 Gambesons
33:33 Elite Skirmisher
33:33 Crossbowman
34:08 Fletching
34:18 Padded Archer Armor
33:54 Capped Ram
35:00 Bodkin Arrow
35:30 Ballistics
35:31 Chain Mail Armor
36:06 Bracer
37:40 Chemistry
37:32 Crop Rotation
38:42 Leather Archer Armor
39:28 Blast Furnace
39:48 Gambesons
39:24 Eagle Warrior
40:36 Plate Mail Armor
40:19 Elite Eagle Warrior
41:13 Town Watch
41:42 Fortified Wall
41:28 Murder Holes
41:19 Arrowslits
41:15 Treadmill Crane
41:34 Pikeman
46:46 Stone Shaft Mining
47:07 Conscription
47:26 Garland Wars
Kaanan
10:04 Loom
12:32 Feudal Age
13:08 Double-Bit Axe
13:53 Fletching
16:04 Forging
22:06 Horse Collar
24:09 Fishing Lines
27:58 Castle Age
26:14 Gold Mining
26:16 Stone Mining
29:03 Medium Warships
28:50 Bodkin Arrow
29:07 Bow Saw
30:12 Iron Casting
30:10 Gillnets
32:51 Wheelbarrow
32:02 Town Watch
34:33 Padded Archer Armor
34:59 Ballistics
35:15 Crossbowman
39:49 Imperial Age
38:01 Leather Archer Armor
37:47 Scale Mail Armor
37:54 Thumb Ring
38:14 Squires
40:32 Bracer
41:40 Chemistry
43:23 Conscription
43:51 Arbalester
47:58 Elite Skirmisher
[CL] ElPali
4:58 Loom
14:16 Feudal Age
15:01 Double-Bit Axe
15:11 Gold Mining
21:01 Fishing Lines
26:01 Castle Age
24:09 Stone Mining
27:24 Medium Warships
27:05 Gillnets
28:23 Wheelbarrow
31:29 Imperial Age
31:10 Fletching
31:05 Elite Skirmisher
33:21 Ballistics
33:20 Hand Cart
35:07 Heavy Warships
36:21 Bodkin Arrow
36:27 Padded Archer Armor
38:39 Conscription
38:58 Bow Saw
40:04 Bracer
40:19 Leather Archer Armor
41:07 Chemistry
42:02 Two-Man Saw
41:27 Pikeman
42:08 Squires
41:53 Arson
41:54 Gambesons
42:00 Crossbowman
42:49 Thumb Ring
44:39 Ring Archer Armor
flynorc
4:28 Loom
14:18 Feudal Age
19:52 Castle Age
18:56 Fletching
19:39 Double-Bit Axe
21:10 Medium Warships
21:21 Bow Saw
21:01 Horse Collar
22:13 Bodkin Arrow
29:57 Wheelbarrow
29:08 Town Watch
30:33 Bodkin Arrow
30:59 Heavy Plow
35:17 Imperial Age
33:38 Padded Archer Armor
34:00 Ballistics
33:51 Masonry
33:38 Gold Mining
33:39 Stone Mining
34:05 Clinker Construction
34:07 Careening
34:59 Hand Cart
35:59 Leather Archer Armor
35:30 Fishing Lines
36:01 Bracer
37:03 Chemistry
36:15 Careening
38:47 Two-Man Saw
38:18 Crop Rotation
38:20 Ring Archer Armor
38:03 Bloodlines
37:14 Light Cavalry
37:55 Husbandry
38:00 Scale Barding Armor
38:50 Hoardings
38:22 Elite Genoese Crossbowman
40:43 Heavy Warships
40:47 Onager
42:57 Architecture
41:59 Demolition Ship
46:10 Hussar
47:34 Chain Barding Armor
47:25 Forging
47:46 Murder Holes
47:32 Treadmill Crane
52:05 Conscription
Noob ai
2:51 Loom
13:35 Feudal Age
17:13 Castle Age
15:19 Double-Bit Axe
15:29 Gold Mining
15:37 Fishing Lines
18:09 Medium Warships
18:42 Bow Saw
22:18 Wheelbarrow
23:26 Gold Shaft Mining
23:08 Gillnets
26:05 Horse Collar
26:44 Stone Mining
27:49 Hand Cart
31:07 Imperial Age
28:43 Town Watch
28:56 Fletching
29:49 Stone Shaft Mining
30:10 Bodkin Arrow
32:00 Ballistics
31:51 Bracer
32:53 Chemistry
32:50 Padded Archer Armor
34:01 Two-Man Saw
33:37 Conscription
32:48 Elite Chu Ko Nu
33:59 Masonry
35:30 Great Wall
35:46 Leather Archer Armor
36:20 Coinage
37:10 Ring Archer Armor
38:06 Architecture
37:59 Rocketry
38:52 Heavy Rocket Cart
40:21 Banking
40:42 Sappers
42:45 Town Patrol
45:51 Murder Holes
46:07 Fortified Wall
45:43 Arrowslits
47:43 Guard Tower
53:21 Keep
RamboRob
4:37 Loom
4:43 Loom
13:59 Feudal Age
18:22 Castle Age
16:39 Fishing Lines
17:02 Double-Bit Axe
19:37 Bow Saw
23:11 Fletching
27:23 Town Watch
33:59 Wheelbarrow
33:58 Bodkin Arrow
34:04 Horse Collar
36:14 Ballistics
40:47 Imperial Age
41:19 Gold Mining
41:57 Hand Cart
42:52 Chemistry
42:17 Heavy Plow
42:49 Conscription
44:06 Bracer
45:03 Eupseong
44:27 Elite War Wagon
46:04 Gold Shaft Mining
45:34 Stone Mining
54:00 Two-Man Saw
Connection lost

Rejoining the realm…

Still unreachable

The connection could not be restored.

Session expired

The server has moved on; the page needs a fresh start.